 Dungeon Crawl Stone Soup version 0.29.1-13-g9f3cf754e1 (webtiles) character file.

Game seed: 96092368247643349

95 Thatpatchoflichen the Sneak (level 4, -10/21 HPs)
             Began as a Spriggan Enchanter on Jan 23, 2023.
             Mangled by a gnoll
             ... wielding a +0 halberd
              (14 damage)
             ... on level 2 of the Dungeon.
             The game lasted 00:05:52 (2827 turns).

Thatpatchoflichen the Sneak (Spriggan Enchanter)    Turns: 2827, Time: 00:05:53

Health: -10/21     AC:  2    Str:  4    XL:     4   Next: 39%
Magic:  7/10       EV: 18    Int: 18    God:
Gold:   102        SH:  0    Dex: 15    Spells: 2/10 levels left

rFire   . . .      SeeInvis +   i - +0 short sword (venom)
rCold   . . .      Faith    .   (no shield)
rNeg    + . .      Spirit   .   b - +0 robe
rPois   .          Reflect  .   (helmet restricted)
rElec   .          Harm     .   (no cloak)
rCorr   .          Rampage  .   (gloves unavailable)
Will    .....                   (boots unavailable)
Stlth   +++.......              (no amulet)
HPRegen 0.07/turn               k - ring of positive energy
MPRegen 0.12/turn               (no ring)

@: confusing by touch, very quick
A: very small, no large weapons, unfitting armour, see invisible, speed 3
a: no special abilities


You were on level 2 of the Dungeon.
You visited 1 branch of the dungeon, and saw 3 of its levels.

You collected 102 gold pieces.

Inventory:

Hand Weapons
 a - a +1 dagger
 i - a +0 short sword of venom (weapon)
Armour
 b - a +0 robe (worn)
Jewellery
 k - a ring of positive energy (left hand)
Scrolls
 e - 2 scrolls of teleportation {unknown}
 f - a scroll of immolation {unknown}
 j - a scroll of vulnerability {unknown}
 l - a scroll of identify {unknown}
Potions
 c - 2 potions of invisibility
 d - a potion of heal wounds
 g - 2 potions of curing {unknown}
 h - a potion of ambrosia {unknown}


   Skills:
 - Level 2.0 Short Blades
 + Level 4.2 Dodging
 - Level 5.0 Stealth
 + Level 3.9 Spellcasting
 - Level 4.0 Hexes


You had 2 spell levels left.
You knew the following spells:

 Your Spells              Type           Power      Damage    Failure   Level
a - Confusing Touch       Hex            17%        N/A       9%          3
b - Tukima's Dance        Hex            17%        N/A       9%          3
c - Ensorcelled Hibernat  Hex/Ice        20%        N/A       10%         2

Your spell library contained the following spells:

 Spells                   Type           Power      Damage    Failure   Level
 Sting                    Tmut/Pois      12%        1d3       16%         1
 Poisonous Vapours        Pois/Air       6%         N/A       22%         2
 Dazzling Flash           Conj/Hex       20%        N/A       21%         3
 Olgreb's Toxic Radiance  Pois           3%         N/A       83%         4


Dungeon Overview and Level Annotations

Branches:
Dungeon (3/15)

Altars:


Innate Abilities, Weirdness & Mutations

You are very small and have problems with some larger weapons.
You are too small for most types of armour.
You have supernaturally acute eyesight. (SInv)
You cover ground extremely quickly. (Speed+++)


Message History

The gnoll is lightly wounded.
The gnoll closely misses you.
You kill the gnoll!
l - a scroll labelled FEM PEREHOE You now have 102 gold pieces (gained 8).
You open the door.
A gnoll comes into view. It is wielding a +0 flail.
The gnoll shouts!
The gnoll barely misses you.
The gnoll shouts!
You hit the gnoll but do no damage.
The gnoll is poisoned.
The gnoll hits you but does no damage. The gnoll barely misses you.
You hit the gnoll.
The gnoll looks even sicker.
The gnoll is heavily wounded.
The gnoll misses you. x2
There is an open door here.
You kill the gnoll!
The gnoll hits you with a +0 halberd!
There is an open door here.
You hit the gnoll.
The gnoll is poisoned.
The gnoll is lightly wounded.
The gnoll misses you.
The gnoll looks more healthy.
The gnoll completely misses you.
You completely miss the gnoll.
The gnoll is heavily wounded.
The gnoll completely misses you.
You hit the gnoll.
The gnoll is poisoned.
The gnoll is heavily wounded.
The gnoll hits you with a +0 halberd!
Ouch! That really hurt!
* * * LOW HITPOINT WARNING * * *
Casting: Confusing Touch (quite dangerous; 9% risk of failure)
Confirm with . or Enter, or press ? or * to list all spells.
The spell is quite dangerous to miscast (9% risk of failure)!
Continue anyway? [Y]es or [N]o only, please.
The spell is quite dangerous to miscast (9% risk of failure)!
Continue anyway?
Your hands begin to glow red.
The gnoll hits you with a +0 halberd!
Ouch! That really hurt!
You die...

.........# #.#.#####.# #...#..#
.........###.#.....#.#####...#.##
.......).'.........#.#...........
.........#####.....#.#####.......
####..#..# #.....#.###....>.... #
##..#..# #.....#.........###.
###...#..# ##..#####.......###.
...)..#.## #.g..#.............
......#.# ##@#####.####.####.
......#.# #.# #.# #.####.
......#.# #.# #.# #.##...
......#.# #.# #.# #†##...
......#.# #.# #.# #.#####
#######.# #.# #.# #...#.. ......#
#.# #.# #####.# ####### #.# #.#
#..#.# #<# #.#####.##.#


You could see a gnoll (very poisoned).

Vanquished Creatures
  2 adders (D:2)
  3 gnolls (D:2)
  A worm (D:2)
  A dart slug (D:2)
  4 endoplasms
  A giant cockroach (D:1)
  2 goblins
  7 hobgoblins
  3 quokkas (D:2)
  5 ball pythons
  4 bats
  2 frilled lizards (D:2)
  4 kobolds
  5 rats (D:2)
44 creatures vanquished.

Vanquished Creatures (others)
  4 toadstools (D:1)
4 creatures vanquished.

Grand Total: 48 creatures vanquished

Notes
Turn   | Place    | Note
-------+----------+-------------------------------------------
     0 | D:1      | Thatpatchoflichen the Spriggan Enchanter began the quest
                  | for the Orb.
     0 | D:1      | Reached XP level 1. HP: 9/9 MP: 5/5
   431 | D:1      | Reached XP level 2. HP: 13/13 MP: 6/6
  1013 | D:1      | Found a faded altar of an unknown god.
  1255 | D:2      | Reached XP level 3. HP: 12/16 MP: 8/8
  1268 | D:2      | Learned a level 3 spell: Confusing Touch
  1272 | D:2      | Learned a level 3 spell: Tukima's Dance
  1275 | D:2      | Learned a level 2 spell: Ensorcelled Hibernation
  1474 | D:2      | Reached skill level 5 in Stealth
  2426 | D:2      | Reached XP level 4. HP: 20/21 MP: 10/10
  2827 | D:2      | Mangled by a gnoll

Illustrated notes

Levels and vault maps discovered:
D:1:      ldierk_water_garden, layout_basic, chequers_ecumenical_altar_island,
          serial_corexii_hall, corexii_hall_statues_i, corexii_hall_statues_l
D:2:      minmay_chambers_of_twos, layout_basic, serial_co_window_serial,
          co_window_of_opportunity_a, co_window_corner_a, co_window_corner_a,
          co_window_paths_b, co_window_of_opportunity_a,
          co_window_of_opportunity_a, co_window_corner_a, co_window_corner_b,
          co_window_paths_c, co_window_unsneaky_path_d,
          co_window_of_opportunity_c, co_window_corner_cb,
          co_window_unsneaky_path_a, co_window_of_opportunity_b,
          glass_columns_a, glass_columns_a, glass_columns_a
D:3:      layout_loops_ring, vehumet_altar_wand_db, roderic_roman_lattice

Skill      XL: |  1  2  3  4 |
---------------+-------------+-----
Dodging        | 3 4 |  4.2
Spellcasting   | 3 |  3.9
Hexes          | 4 |  4.0
Stealth        | 5 |  5.0
Short Blades   | 2 |  2.0

Action                   |  1- 3 |  4- 6 || total
-------------------------+-------+-------++-------
Melee: Dagger            |    38 |       ||    38
       Short sword       |    77 |    13 ||    90
       Punch             |     1 |       ||     1
 Cast: Confusing Touch   |     1 |     1 ||     2
  Use: Potion            |     1 |       ||     1
 Stab: Sleeping          |     5 |       ||     5
Armor: Robe              |    11 |     1 ||    12
Dodge: Dodged            |    79 |    13 ||    92
